Map: Overgrowth LE (Void)

Players

Nikki - Winner!

  • Race: Protoss Protoss
  • League: Platinum
  • Spawn Location: 1:00

Liraquin

  • Race: Zerg Zerg
  • League: Silver
  • Spawn Location: 7:00

VOD

Have the link to the VOD?

Description

Time

  • Played on: Dec. 1, 2016, 8:38 a.m.
  • Length: 16:36
Show
View Real Time Build Order
Export as new Build Order

Nikki Protoss - Winner!

Build Orders: 1 Gate Expand, Zealot Archon 

Get SALT Encoding   

  12  0:01  Probe (Chrono Boost)  
  13  0:11  Probe (Chrono Boost)  
  14  0:17  Pylon  
  14  0:22  Probe (Chrono Boost)  
  15  0:36  Probe (Chrono Boost)  
  15  0:38  Gateway  
  16  0:44  Assimilator  
  16  0:47  Probe (Chrono Boost)  
  17  1:02  Probe (Chrono Boost)  
  18  1:15  Probe (Chrono Boost)  
  19  1:30  Nexus  
  19  1:34  Probe (Chrono Boost)  
  20  1:41  Cybernetics Core  
  20  1:46  Probe (Chrono Boost)  
  21  1:56  Pylon  
  21  2:01  Probe (Chrono Boost)  
  22  2:05  Assimilator  
  22  2:17  Probe (Chrono Boost), Stalker  
  25  2:28  Warp Gate  
  26  2:30  Probe (Chrono Boost)  
  26  2:43  Mothership Core (Chrono Boost)  
  28  2:44  Gateway  
  28  2:45  Gateway  
  28  2:49  Probe (Chrono Boost)  
  28  2:50  Adept  
  31  2:59  Probe (Chrono Boost)  
  31  3:03  Probe (Chrono Boost)  
  33  3:09  Pylon  
  33  3:10  Probe (Chrono Boost)  
  34  3:19  Probe (Chrono Boost)  
  35  3:20  Probe (Chrono Boost)  
  35  3:22  Twilight Council  
  36  3:40  Probe x2 (Chrono Boost)  
  38  3:46  Pylon  
  38  3:48  Pylon  
  38  3:51  Probe (Chrono Boost)  
  38  3:52  Probe (Chrono Boost)  
  40  4:07  Dark Shrine  
  40  4:12  Probe x2 (Chrono Boost)  
  40  4:16  Robotics Facility  
  42  4:29  Gateway  
  42  4:30  Probe x2 (Chrono Boost)  
  44  4:42  Probe x2 (Chrono Boost)  
  48  4:54  Probe x2 (Chrono Boost)  
  48  4:55  Assimilator  
  48  4:59  Assimilator  
  48  5:03  Observer  
  48  5:06  Probe x2 (Chrono Boost)  
  51  5:08  Nexus  
  51  5:10  Pylon  
  51  5:14  Pylon  
  51  5:19  Warp Prism  
  53  5:31  Probe (Chrono Boost)  
  53  5:32  Probe (Chrono Boost)  
  55  5:41  Charge  
  55  5:47  Pylon  
  55  5:49  Pylon, Probe (Chrono Boost)  
  57  5:50  Probe (Chrono Boost)  
  57  5:53  Gateway  
  57  5:54  Gateway  
  57  5:56  Gateway  
  57  6:01  Probe (Chrono Boost)  
  57  6:02  Probe (Chrono Boost)  
  57  6:03  Dark Templar  
  57  6:04  Dark Templar x3  
  65  6:08  Archon x2, Immortal  
  67  6:14  Probe x2 (Chrono Boost)  
  73  6:27  Forge  
  73  6:29  Forge  
  73  6:48  Immortal  
  80  7:15  Probe (Chrono Boost)  
  80  7:16  Probe (Chrono Boost)  
  80  7:17  Probe (Chrono Boost)  
  80  7:28  Zealot x2  
  80  7:29  Probe x2 (Chrono Boost), Zealot x2, Protoss Ground Weapons Level 1  
  90  7:30  Protoss Ground Armor Level 1  
  86  7:49  Immortal  
  86  7:50  Probe (Chrono Boost)  
  93  7:51  Assimilator, Probe (Chrono Boost)  
  93  7:52  Probe (Chrono Boost)  
  93  7:55  Assimilator  
  93  8:01  Probe (Chrono Boost)  
  93  8:04  Probe x2 (Chrono Boost)  
  96  8:11  Assimilator  
  96  8:12  Nexus  
  96  8:13  Pylon  
  96  8:15  Pylon  
  96  8:16  Pylon, Assimilator, Gateway  
  96  8:18  Pylon x2, Gateway x2  
  96  8:20  Probe (Chrono Boost)  
  96  8:21  Pylon  
  96  8:22  Probe x2 (Chrono Boost)  
  99  8:27  Templar Archives  
  99  8:36  Zealot x4  
  99  8:37  Zealot x3  
  113  8:48  Probe (Chrono Boost)  
  116  8:49  Probe x2 (Chrono Boost)  
  116  8:58  Probe (Chrono Boost)  
  116  9:01  Probe x2 (Chrono Boost)  
  114  9:14  Protoss Ground Weapons Level 2  
  114  9:15  Protoss Ground Armor Level 2  
  102  9:19  Zealot x4  
  102  9:20  Zealot x6  
  102  9:22  Psionic Storm  
  122  9:38  Immortal  
  122  9:44  Robotics Facility  
  122  9:48  Probe (Chrono Boost)  
  122  9:50  Robotics Facility, Probe x3 (Chrono Boost)  
  126  9:56  Zealot x5  
  126  9:57  Zealot x5  
  146  10:02  Probe x3 (Chrono Boost)  
  149  10:18  Zealot x4  
  149  10:19  Zealot  
  139  10:32  High Templar x3  
  139  10:33  High Templar x2  
  149  10:40  Immortal x2  
  149  10:41  Immortal  
  161  10:48  Zealot x5  
  161  11:06  Gateway  
  161  11:12  Gateway  
  161  11:14  Gateway  
  161  11:15  Probe x3 (Chrono Boost)  
  161  11:17  Protoss Ground Weapons Level 3, Protoss Ground Armor Level 3, Gateway  
  164  11:19  Immortal x2  
  164  11:23  Pylon  
  164  11:24  Pylon  
  172  11:25  Pylon  
  172  11:26  Immortal  
  172  11:30  High Templar x2  
  180  11:34  Archon  
  180  11:42  Pylon  
  180  11:44  Pylon  
  180  11:45  Pylon  
  179  11:58  Immortal x2  
  181  12:04  High Templar x5  
  181  12:05  High Templar x4  
  197  12:12  Archon x2  
  197  12:13  Archon x2  
  169  12:36  Stargate  
  169  12:38  Stargate  
  169  12:39  Zealot  
  169  12:40  Zealot x6, Stargate  
  169  12:41  Zealot x2  
  187  12:53  Zealot x2  
  187  12:54  Zealot  
  169  13:14  Nexus  
  169  13:20  Zealot  
  169  13:22  Pylon x2  
  169  13:24  Pylon, Assimilator x2  
  169  13:44  Fleet Beacon  
  169  13:50  Zealot x5  
  169  13:51  Zealot x4  
  169  14:22  Protoss Shields Level 1  
  169  14:23  High Templar  
  169  14:24  High Templar x2  
  164  14:30  Pylon  
  164  14:31  Pylon  
  164  14:33  Graviton Catapult  
  164  14:34  Carrier x3  
  182  14:39  Protoss Air Weapons Level 1  
  182  15:07  Observer  
  182  15:08  Observer  
  182  15:09  Observer  
  185  15:27  Robotics Bay  
  185  15:41  Dark Templar x5  
  181  16:17  Zealot x6  
Show
View Real Time Build Order
Export as new Build Order

Liraquin Zerg 

Build Orders: Hatch First 

Get SALT Encoding   

  12  0:01  Drone  
  13  0:13  Overlord  
  13  0:18  Drone  
  14  0:33  Drone x2  
  16  0:42  Drone  
  17  0:46  Drone  
  18  1:02  Hatchery  
  18  1:03  Drone  
  18  1:14  Drone  
  18  1:17  Extractor  
  18  1:22  Spawning Pool, Drone  
  18  1:43  Drone x2  
  20  1:57  Overlord  
  20  2:05  Drone  
  21  2:13  Queen  
  21  2:14  Queen  
  25  2:16  Zergling x4  
  25  2:21  Metabolic Boost  
  27  2:26  Zergling x2  
  28  2:34  Drone  
  29  2:48  Drone x4  
  33  3:02  Extractor  
  32  3:10  Spore Crawler, Roach Warren  
  32  3:12  Spore Crawler  
  29  3:18  Overlord x3  
  28  3:45  Drone x2  
  28  3:46  Drone x7  
  37  3:58  Lair  
  37  4:04  Roach  
  37  4:05  Roach  
  37  4:09  Overlord  
  41  4:11  Hatchery  
  40  4:23  Roach  
  48  4:24  Roach x3  
  48  4:31  Drone x4  
  52  4:38  Evolution Chamber  
  51  4:46  Evolution Chamber  
  51  4:47  Roach  
  51  4:48  Roach x2  
  56  4:54  Queen  
  56  4:59  Glial Reconstitution  
  58  5:04  Roach  
  58  5:07  Overlord  
  60  5:09  Overseer  
  60  5:14  Zerg Ground Armor Level 1  
  60  5:22  Baneling Nest  
  60  5:24  Roach  
  60  5:25  Roach  
  63  5:28  Drone  
  63  5:29  Drone x2  
  63  5:32  Extractor  
  65  5:44  Overseer  
  65  5:47  Roach x3  
  65  5:49  Overlord  
  71  5:59  Roach  
  73  6:06  Drone  
  73  6:09  Overlord  
  74  6:12  Roach  
  74  6:13  Roach x3  
  82  6:26  Queen  
  84  6:35  Drone x3  
  84  6:37  Roach  
  89  6:52  Burrow  
  83  7:18  Hydralisk Den  
  80  7:56  Hydralisk x5  
  90  8:02  Zerg Missile Weapons Level 1  
  90  8:05  Overlord  
  90  8:06  Overlord x3  
  90  8:33  Hatchery, Grooved Spines  
  89  8:38  Hydralisk x2  
  93  8:46  Hatchery  
  92  9:01  Drone  
  92  9:02  Drone x18  
  107  9:13  Roach x11  
  85  9:22  Hydralisk  
  85  9:23  Hydralisk x4  
  91  9:44  Hydralisk x2  
  95  10:13  Zergling x2  
  95  10:14  Zergling x34  
  99  10:19  Queen x2  
  102  10:26  Tunneling Claws  
  98  10:33  Roach x3  
  100  10:52  Drone x2  
  100  10:53  Drone x8  
  110  11:04  Extractor  
  109  11:14  Drone x5  
  114  11:23  Extractor  
  113  11:27  Extractor  
  113  11:28  Spore Crawler  
  113  11:29  Roach  
  113  11:30  Roach x7  
  127  11:46  Overlord x3  
  113  12:04  Roach  
  113  12:05  Roach x7  
  99  12:26  Roach x5  
  109  12:43  Drone  
  109  12:44  Drone x2, Hatchery  
  112  12:45  Drone x3  
  114  13:01  Roach  
  114  13:02  Roach x10  
  136  13:09  Hydralisk Den  
  135  13:30  Hydralisk x2  
  135  13:35  Hatchery  
  135  13:39  Overlord x3  
  134  13:46  Overseer  
  134  13:48  Hydralisk x2  
  138  14:16  Drone x2  
  138  14:17  Drone x6  
  128  14:18  Hydralisk x2  
  128  14:19  Hydralisk x7  
  108  14:40  Muscular Augments  
  108  14:41  Hydralisk  
  110  14:52  Hydralisk  
  110  14:53  Hydralisk  
  110  14:57  Zergling x6  
  110  14:58  Zergling x26  
  130  15:00  Hatchery  
  129  15:07  Drone  
  130  15:17  Hydralisk  
  130  15:18  Hydralisk x3  
  138  15:43  Ravager  
  138  15:44  Ravager  
  138  15:45  Ravager  
  136  15:59  Overseer  
  136  16:02  Zergling x2  
  136  16:03  Zergling x28  
Tags
 
Add a new tag
Caveats
  • Supply blocks, unpowered buildings, or Contaminate may cause inaccurate times.
  • Supply counts are checked every 10 seconds.